 Dungeon Crawl Stone Soup version 0.30-a0-586-g23e55c9e0a (webtiles) character file.

Game seed: 16405273757324372317

190 brightshaft the Cudgeller (level 5, 0/38 HPs)
             Began as a Demigod Wanderer on Jan 4, 2023.
             Slain by a rat (1 damage)
             ... in a sewer.
             The game lasted 00:05:16 (2425 turns).

brightshaft the Cudgeller (Demigod Wanderer)        Turns: 2425, Time: 00:05:17

Health: 0/38       AC:  5    Str: 12    XL:     5   Next: 17%
Magic:  2/10       EV:  8    Int: 14    God:
Gold:   140        SH:  0    Dex: 18    Spells: 7/8 levels left

rFire   . . .      SeeInvis .    a - +2 mace
rCold   + . .      Faith    .    (no shield)
rNeg    . . .      Spirit   .    g - +2 robe {Will+}
rPois   .          Reflect  .    (no helmet)
rElec   .          Harm     .    (no cloak)
rCorr   .          Rampage  .    (no gloves)
Will    +....                    b - +0 pair of boots
Stlth   ++                       (no amulet)
HPRegen 0.26/turn                e - ring of protection from cold
MPRegen 0.12/turn                (no ring)

@: constricted
A: high MP 1, forlorn, divine attributes
a: no special abilities


You were in a sewer.
You visited 1 branch of the dungeon, and saw 3 of its levels.
You also visited: Sewer.

You collected 140 gold pieces.

Inventory:

Hand Weapons
 a - a +2 mace (weapon)
 v - a +0 sling
Missiles
 s - 5 javelins
Armour
 b - a +0 pair of boots (worn)
 d - a +0 leather armour
 g - a +2 robe of willpower (worn)
Jewellery
 e - a ring of protection from cold (left hand)
 r - a ring of see invisible
Scrolls
 h - a scroll of magic mapping
 j - 4 scrolls of identify {unknown}
 l - a scroll of butterflies {unknown}
 m - a scroll of silence {unknown}
 p - a scroll of noise {unknown}
 t - 2 scrolls of teleportation {unknown}
 u - a scroll of fear {unknown}
 w - 2 scrolls of enchant weapon {unknown}
Potions
 f - a potion of might {unknown}
 i - 2 potions of flight {unknown}
 k - 2 potions of cancellation {unknown}
 n - 2 potions of curing {unknown}
 o - 2 potions of heal wounds {unknown}
 q - 2 potions of ambrosia {unknown}


   Skills:
 * Level 4.7 Maces & Flails
 - Level 1.7 Stealth
 + Level 2.0 Spellcasting
 * Level 4.1 Air Magic


You had 7 spell levels left.
You knew the following spells:

 Your Spells              Type           Power      Damage    Failure   Level
a - Shock                 Conj/Air       28%        1d4       10%         1

Your spell library contained the following spells:

 Spells                   Type           Power      Damage    Failure   Level
 Swiftness                Air            13%        N/A       13%         3


Dungeon Overview and Level Annotations

Branches:
Dungeon (3/15)              Sewer (1/1)

Shops:
D:3 =


Innate Abilities, Weirdness & Mutations

You have an increased reservoir of magic. (+10% MP)
You shall have no god before yourself.
Your divine heritage dramatically boosts your attributes as you level up.


Message History

The ball python bites you but does no damage.
The ball python constricts you. The adder bites you but does no damage.
The ball python bites you.
You closely miss the adder.
The adder is moderately wounded.
The ball python bites you. The ball python constricts you. The adder bites you.
You are poisoned.
The adder poisons you!
The ball python bites you but does no damage.
The rat closely misses you. The rat bites you but does no damage.
The ball python closely misses you. The ball python constricts you.
The adder closely misses you.
You miss the adder.
The adder is lightly wounded.
You feel sick.
The ball python bites you but does no damage.
The rat bites you. The rat bites you but does no damage.
The rat barely misses you. The ball python bites you.
The ball python constricts you. The adder bites you.
* * * LOW HITPOINT WARNING * * *
The ball python completely misses you.
You thump the adder!
You kill the adder!
You feel sick. The ball python closely misses you.
The ball python constricts you. The rat bites you.
* * * LOW HITPOINT WARNING * * *
The rat bites you but does no damage. x2
The ball python bites you but does no damage.
Your magical contamination has completely faded away.
You escape the ball python's grasp.
You feel sick.
You are no longer poisoned.
The rat bites you but does no damage. The rat barely misses you.
You thump the rat!
You kill the rat!
The rat bites you but does no damage. The rat bites you.
* * * LOW HITPOINT WARNING * * *
The ball python bites you.
* * * LOW HITPOINT WARNING * * *
The ball python grabs you. The ball python constricts you. The rat bites you.
You die...

###################
#################
≈≈≈≈≈≈≈≈≈≈≈≈≈~..###
~≈≈≈≈≈≈≈≈≈≈~~~.r@.##
~~~≈≈≈≈≈~~†~~~.SrS.##
~~≈~~≈~~≈~~~~~.††...#
~#~~~~~~~#~~≈~......#
≈~~~~.~~~~≈≈≈~......#
################....#
##...# #...# ...#


You could see 2 ball pythons and 2 rats.

Vanquished Creatures
  Jessica (D:3)
  2 river rats (Sewer)
  7 adders
  A worm (D:3)
  A dart slug (D:1)
  6 ball pythons
  7 bats
  3 endoplasms
  A giant cockroach (D:3)
  10 goblins
  3 hobgoblins
  5 jackals
  5 kobolds
  3 quokkas
  7 frilled lizards
  20 rats
82 creatures vanquished.

Vanquished Creatures (others)
  2 plants (D:3)
2 creatures vanquished.

Grand Total: 84 creatures vanquished

Notes
Turn   | Place    | Note
-------+----------+-------------------------------------------
     0 | D:1      | brightshaft the Demigod Wanderer began the quest for the
                  | Orb.
     0 | D:1      | brightshaft set off with the following items: a +2 mace, a
                  | +0 pair of boots, a potion of haste {@q3}, a +0 leather
                  | armour; and the following spell memorised: Shock; and the
                  | following spells available to memorise: Swiftness.
     0 | D:1      | Reached XP level 1. HP: 14/14 MP: 4/4
     6 | D:1      | Noticed an anaconda
     6 | D:1      | Noticed a killer bee
     7 | D:1      | Noticed a seven-headed hydra
     7 | D:1      | Noticed a polar bear
   284 | D:1      | Reached XP level 2. HP: 20/20 MP: 4/6
  1043 | D:2      | Reached XP level 3. HP: 26/26 MP: 4/7
  1732 | D:3      | Reached XP level 4. HP: 33/33 MP: 3/9
  1802 | D:3      | Found Nulonus's Jewellery Emporium.
  1887 | D:3      | Noticed Jessica
  1899 | D:3      | Killed Jessica
  2065 | D:3      | Found a glowing drain.
  2070 | Sewer    | Entered a sewer
  2261 | Sewer    | Reached XP level 5. HP: 8/38 MP: 1/10
  2425 | Sewer    | HP: 1/38 [ball python (3)]
  2425 | Sewer    | Slain by a rat

Illustrated notes

Levels and vault maps discovered:
D:1:      onia_arrival_zoo_common, layout_basic, fountainhead
D:2:      layout_rooms, minmay_increasing_density
D:3:      layout_loops_cross, serial_shops, nicolae_lakefront_shop,
          gup_sewer_entry_spiral, serial_bayou_pond_b, uniq_jessica
Sewer:    sewer_minmay_w

Skill      XL: |  1  2  3  4 |
---------------+-------------+-----
Air Magic      | 3 4 |  4.1
Maces & Flails | 4 |  4.7
Spellcasting   | 2 |  2.0
Stealth        | |  1.7

Action                   |  1- 3 |  4- 6 || total
-------------------------+-------+-------++-------
Melee: Mace              |    55 |    64 ||   119
       Punch             |     1 |       ||     1
 Cast: Shock             |    59 |    44 ||   103
  Use: Scroll            |       |     2 ||     2
       Potion            |       |     1 ||     1
 Stab: Sleeping          |       |     3 ||     3
Armor: Leather armour    |    18 |     6 ||    24
       Robe              |       |    33 ||    33
Dodge: Dodged            |    40 |    67 ||   107

Table legend: (Time is in decaauts)
 A = Elapsed time spent in this place.
 B = Non-inter-level travel time spent in this place.
 C = Inter-level travel time spent in this place.
 D = Time resting spent in this place.
 E = Time spent auto-exploring this place.
 F = Levels seen in this place.
 G = Mean time per level.
                   A        B        C        D        E       F      G
               +--------+--------+--------+--------+--------+-----+--------+
         Total |   2480 |   2399 |     81 |      0 |   1724 |   4 |  620.0 |
       Dungeon |   2109 |   2028 |     81 |      0 |   1464 |   3 |  703.0 |
         Sewer |    371 |    371 |      0 |      0 |    260 |   1 |  371.0 |
               +--------+--------+--------+--------+--------+-----+--------+

Top non-repeatable levels by time:
     D:1: 953 daAuts
     D:2: 784 daAuts
     D:3: 371 daAuts
   Sewer: 371 daAuts
